 Dungeon Crawl Stone Soup version 0.30-a0-424-g7412bad402 (webtiles) character file.

Game seed: 14061086749081816689

133 arthad the Ruffian (level 5, -6/45 HPs)
             Began as a Ghoul Warper on Dec 10, 2022.
             Killed by divine providence
             ... invoked by an orc priest
              (14 damage)
             ... on level 3 of the Dungeon.
             The game lasted 00:04:14 (2177 turns).

arthad the Ruffian (Ghoul Warper)                   Turns: 2177, Time: 00:04:15

Health: -6/45      AC:  3    Str: 16 (17) XL:     5   Next: 16%
Magic:  7/7        EV: 11    Int:  6 (8)  God:
Gold:   141        SH:  0    Dex:  6 (8)  Spells: 3/8 levels left

rFire   . . .      SeeInvis .      - Unarmed
rCold   + . .      Faith    .    (no shield)
rNeg    + + +      Spirit   .    r - +0 leather armour "Daazyick" {+Blink}
rPois   ∞          Reflect  .    (no helmet)
rElec   .          Harm     .    (no cloak)
rCorr   .          Rampage  .    (no gloves)
Will    .....                    (no boots)
Stlth   +.........               (no amulet)
HPRegen 0.00/turn                (no ring)
MPRegen 0.10/turn                (no ring)

@: inhibited regen
A: claws 1, cold resistance 1, negative energy resistance 3, inhibited
regeneration, torment resistance 2, devour on kill
a: Evoke Blink


You were on level 3 of the Dungeon.
You visited 1 branch of the dungeon, and saw 3 of its levels.

You collected 141 gold pieces.

Inventory:

Hand Weapons
 f - a +2 dagger of draining
 p - the +2 shortbow of the Sage {elec, Str+3}
   (You found it on level 2 of the Dungeon)

   Any ammunition fired from it occasionally discharges a powerful burst of
   electricity upon striking a foe.
   Str:       It affects your strength (+3).
Missiles
 c - 7 boomerangs of dispersal (quivered)
 h - 4 poisoned darts
 m - 4 atropa-tipped darts
Armour
 a - a +0 leather armour
 r - the +0 leather armour "Daazyick" (worn) {+Blink}
   (You found it on level 3 of the Dungeon)

   +Blink:    It lets you blink.
Scrolls
 b - a scroll of blinking
 d - a scroll of torment {unknown}
 e - a scroll of magic mapping {unknown}
 j - a scroll of teleportation {unknown}
 l - 3 scrolls of identify {unknown}
 o - a scroll of noise {unknown}
 s - a scroll of fog {unknown}
Potions
 i - a potion of flight
 k - a potion of lignification {unknown}
 n - a potion of heal wounds
 q - a potion of degeneration


   Skills:
 * Level 3.2 Fighting
 - Level 1.4 Throwing
 + Level 1.4 Armour
 + Level 2.1 Dodging
 + Level 1.7 Stealth
 * Level 3.2 Unarmed Combat
 + Level 2.1 Spellcasting
 + Level 2.9 Translocations


You had 3 spell levels left.
You knew the following spells:

 Your Spells              Type           Power      Damage    Failure   Level
a - Blink                 Tloc           8%         N/A       22%         2
b - Lesser Beckoning      Tloc           8%         N/A       41%         3

Your spell library contained the following spells:

 Spells                   Type           Power      Damage    Failure   Level
 Teleport Other           Tloc           4%         N/A       41%         3
 Cigotuvi's Dreadful Rot  Necr/Pois/Air  0%         N/A       58%         2
 Poisonous Vapours        Pois/Air       0%         N/A       58%         2
 Vhi's Electric Charge    Tloc/Air       4%         N/A       63%         3
 Frozen Ramparts          Ice            0%         1d1       83%         3
 Mephitic Cloud           Conj/Pois/Air  0%         N/A       83%         3
 Manifold Assault         Tloc           4%         N/A       82%         4
 Summon Ice Beast         Ice/Summ       0%         N/A       99%         4
 Ice Form                 Ice/Tmut       Unusable   N/A       N/A         4

Dungeon Overview and Level Annotations

Branches:
Dungeon (3/15)

Altars:
Nemelex Xobeh


Innate Abilities, Weirdness & Mutations

You are immune to poison.
You have sharp fingernails.
Your flesh is cold resistant. (rC+)
You are immune to negative energy. (rN+++)
You do not regenerate when monsters are visible.
You are immune to unholy pain and torment.
You thrive by killing the living.


Message History

Beogh smites you!
You barely miss the orc priest.
The orc priest invokes the aid of Beogh against you.
Beogh smites you!
You are too injured to fight recklessly!
You are too injured to fight recklessly!
You are too injured to fight recklessly!
You are too injured to fight recklessly!
You are too injured to fight recklessly!
You are too injured to fight recklessly!
You are too injured to fight recklessly!
You are too injured to fight recklessly!
You are too injured to fight recklessly!
You are too injured to fight recklessly!
You are too injured to fight recklessly!
You scratch the orc priest. Your claw misses the orc priest.
The orc priest is moderately wounded.
The orc priest hits you with a +0 club.
You closely miss the orc priest.
The orc priest is moderately wounded.
The orc priest hits you with a +0 club.
You scratch the orc priest.
The orc priest is moderately wounded.
The orc priest completely misses you.
You scratch the orc priest.
The orc priest is severely wounded.
The orc priest hits you with a +0 club.
You barely miss the orc priest.
The orc priest is severely wounded.
The orc priest calls down the wrath of Beogh upon you.
Beogh smites you!
* * * LOW HITPOINT WARNING * * *
You barely miss the orc priest.
The orc priest is severely wounded.
The orc priest closely misses you.
You closely miss the orc priest. Your claw misses the orc priest.
The orc priest is severely wounded.
The orc priest calls down the wrath of Beogh upon you.
Beogh smites you!
You die...

...# #.#....'........#.#.....#..
#### #.#.#.##........#.#........
#.#.#.#...........#..##.#..
#.#.#.#.......#.###..##)#..
#####...#.#..........>...##....
###....####<#.......#.###.#####.#
..'.........#.....#.#...........#
###....######.###.#.####.########
#............o@...............
#......####.##########.########
#........ #.# . #.##...... #.#
#.##...... #.# #.# ..... #.# #.#
#.# #.# #.#


You could see an orc priest.

Vanquished Creatures
  An orc wizard (D:3)
  3 adders
  3 worms
  3 orcs (D:3)
  4 endoplasms
  5 giant cockroaches
  8 goblins
  5 hobgoblins
  6 jackals
  4 quokkas
  5 ball pythons
  2 bats
  3 frilled lizards
  5 kobolds
  8 rats
65 creatures vanquished.

Notes
Turn   | Place    | Note
-------+----------+-------------------------------------------
     0 | D:1      | arthad the Ghoul Warper began the quest for the Orb.
     0 | D:1      | Reached XP level 1. HP: 17/17 MP: 2/2
    60 | D:1      | Reached skill level 1 in Throwing
    60 | D:1      | Reached skill level 1 in Armour
    61 | D:1      | Reached XP level 2. HP: 20/25 MP: 3/3
   267 | D:1      | Reached XP level 3. HP: 10/30 MP: 4/4
   683 | D:2      | Learned a level 2 spell: Blink
   687 | D:2      | Learned a level 3 spell: Lesser Beckoning
   913 | D:2      | Reached skill level 1 in Stealth
   920 | D:2      | Reached XP level 4. HP: 37/37 MP: 5/5
  1399 | D:2      | Identified the +2 shortbow of the Sage {elec, Str+3}
  1727 | D:3      | Identified the +0 leather armour "Daazyick" {+Blink}
  1991 | D:3      | Found a sparkling altar of Nemelex Xobeh.
  2043 | D:3      | Reached XP level 5. HP: 24/45 MP: 7/7
  2177 | D:3      | Killed from afar by an orc priest

Illustrated notes

Levels and vault maps discovered:
D:1:      dpeg_arrival_short_road, layout_rooms
D:2:      layout_loops_ring
D:3:      layout_basic, overflow_temple_1_default, minmay_misc_feat_rugged,
          uniq_crazy_yiuf_cottage

Skill      XL: |  1  2  3  4 |
---------------+-------------+-----
Throwing       | 1 |  1.4
Armour         | 1 |  1.4
Dodging        | 2 |  2.1
Stealth        | 1 |  1.7
Fighting       | 3 |  3.2
Spellcasting   | 2 |  2.1
Unarmed Combat | 3 |  3.2
Translocations | |  2.9

Action                   |  1- 3 |  4- 6 || total
-------------------------+-------+-------++-------
Melee: Unarmed           |   121 |   113 ||   234
       Punch             |     4 |     2 ||     6
  Use: Potion            |       |     5 ||     5
Armor: Leather armour    |    38 |    26 ||    64
Dodge: Dodged            |    74 |    52 ||   126

Table legend: (Time is in decaauts)
 A = Elapsed time spent in this place.
 B = Non-inter-level travel time spent in this place.
 C = Inter-level travel time spent in this place.
 D = Time resting spent in this place.
 E = Time spent auto-exploring this place.
 F = Levels seen in this place.
 G = Mean time per level.
                   A        B        C        D        E       F      G
               +--------+--------+--------+--------+--------+-----+--------+
         Total |   2164 |   2122 |     42 |    106 |   1554 |   3 |  721.3 |
       Dungeon |   2164 |   2122 |     42 |    106 |   1554 |   3 |  721.3 |
               +--------+--------+--------+--------+--------+-----+--------+

Top non-repeatable levels by time:
     D:2: 759 daAuts
     D:3: 737 daAuts
     D:1: 667 daAuts
